 Seeded DCSS version 0.29.1-15-g9cfb28693d (webtiles) character file.

Game seed: 8515177902725472229 (custom seed)

72 Psyclone the Conjurer (level 4, 24/24 HPs)
             Began as a Deep Elf Conjurer on Oct 4, 2023.
             Quit the game on level 2 of the Dungeon.
             The game lasted 00:03:29 (1097 turns).

Psyclone the Conjurer (Deep Elf Conjurer)           Turns: 1097, Time: 00:03:30

Health: 24/24      AC:  6    Str:  4    XL:     4   Next: 6%
Magic:  11/12      EV: 12    Int: 25    God:
Gold:   51         SH:  0    Dex: 13    Spells: 8/11 levels left

rFire   . . .      SeeInvis .   (no weapon)
rCold   + . .      Faith    .   (no shield)
rNeg    . . .      Spirit   .   a - +0 robe
rPois   .          Reflect  .   (no helmet)
rElec   .          Harm     .   (no cloak)
rCorr   .          Rampage  .   (no gloves)
Will    .....                   f - +3 pair of mountain boots {steadfast, rC+}
Stlth   ++........              k - amulet of the acrobat
HPRegen 0.08/turn               (no ring)
MPRegen 0.13/turn               (no ring)

@: no status effects
A: no striking features
a: no special abilities


You were on level 2 of the Dungeon.
You visited 1 branch of the dungeon, and saw 2 of its levels.

You collected 51 gold pieces.

Inventory:

Missiles
 n - 3 throwing nets {!f}
Armour
 a - a +0 robe (worn)
 f - the +3 pair of mountain boots (worn) {steadfast, rC+}
   (You acquired it on level 1 of the Dungeon)

   It prevents involuntary movement, except for blinking, teleportation, or
   banishment.
   rC:        It protects you from cold.
Jewellery
 k - an amulet of the acrobat (around neck)
 r - the ring of Zin's Delight {rPois rF+ MP+9 SInv}
   (You acquired it on level 2 of the Dungeon)

   [ring of magical power]

   rF:        It protects you from fire.
   rPois:     It protects you from poison.
   MP:        It affects your magic capacity (+9).
   SInv:      It lets you see invisible.
Scrolls
 d - a scroll of identify {unknown}
 j - 3 scrolls of blinking {unknown}
 l - a scroll of enchant weapon {unknown}
 o - a scroll of teleportation {unknown}
 q - a scroll of vulnerability {unknown}
Potions
 b - a potion of magic
 c - 3 potions of curing {unknown}
 e - a potion of attraction {unknown}
 g - a potion of might {unknown}
 h - a potion of flight {unknown}
 i - 2 potions of heal wounds {unknown}
 p - 2 potions of haste {unknown}


   Skills:
 - Level 2.7 Dodging
 - Level 2.8 Stealth
 + Level 4.1 Spellcasting
 * Level 5.4 Conjurations


You had 8 spell levels left.
You knew the following spells:

 Your Spells              Type           Power      Damage    Failure   Level
a - Magic Dart            Conj           100%       1d8       1%          1
b - Searing Ray           Conj           64%        2d6       1%          2

Your spell library contained the following spells:

 Spells                   Type           Power      Damage    Failure   Level
 Slow                     Hex            20%        N/A       9%          1
 Dazzling Flash           Conj/Hex       36%        N/A       9%          3
 Confusing Touch          Hex            5%         N/A       26%         3
 Vampiric Draining        Necr           5%         2d6       26%         3
 Fulminant Prism          Conj/Hex       9%         3d7       28%         4
 Iskenderun's Mystic Bla  Conj/Tloc      18%        2d6       28%         4
 Passage of Golubria      Tloc           5%         N/A       65%         4
 Silence                  Hex/Air        2%         N/A       94%         5
 Lehudib's Crystal Spear  Conj/Erth      9%         10d4      100%        8


Dungeon Overview and Level Annotations

Branches:
Dungeon (2/15) Zot: 10903

Altars:
Xom

Shops:
D:2 *


Message History

Confirm with . or Enter, or press ? or * to list all spells.
Aiming: Magic Dart (safe; 1% risk of failure)
Press: ? - help, Shift-Dir - straight line, f - bat
Aim: a bat (asleep, 100% to hit)
The magic dart hits the bat.
You kill the bat!
You now have 11/12 mp.
Casting: Magic Dart (safe; 1% risk of failure)
Confirm with . or Enter, or press ? or * to list all spells.
You can't see any susceptible monsters within range! (Use Z to cast anyway.) Unknown command.
Casting: Magic Dart (safe; 1% risk of failure)
Confirm with . or Enter, or press ? or * to list all spells.
You can't see any susceptible monsters within range! (Use Z to cast anyway.) Unknown command.
q - a scroll labelled IGYRIE XOUH XOCH MP restored: 12 A rat comes into view.
Casting: Magic Dart (safe; 1% risk of failure)
Confirm with . or Enter, or press ? or * to list all spells.
Aiming: Magic Dart (safe; 1% risk of failure)
Press: ? - help, Shift-Dir - straight line, f - rat
Aim: a rat (asleep, 100% to hit)
The magic dart hits the rat.
You kill the rat!
You now have 11/12 mp.
Casting: Magic Dart (safe; 1% risk of failure)
Confirm with . or Enter, or press ? or * to list all spells.
You can't see any susceptible monsters within range! (Use Z to cast anyway.) Unknown command.
Casting: Magic Dart (safe; 1% risk of failure)
Confirm with . or Enter, or press ? or * to list all spells.
You can't see any susceptible monsters within range! (Use Z to cast anyway.) Unknown command.
Okay, then.
Something appears at your feet!
r - the ring of Zin's Delight {rPois rF+ MP+9 SInv} Something appears at your feet!
Something appears at your feet!
Are you sure you want to abandon this character and quit the game? (Confirm with "yes".)

#.#..# .#
#.#..# .#
#>##.#..#####.#
#.............#
##.#..........#
#.####.###...#
# #.##.###.#
#.#.## .# .#.@#
# #^#.# #.##.#
# #.. #.# ...
..# ##


There were no monsters in sight!

Vanquished Creatures
  4 gnolls (D:2)
  2 dart slugs (D:1)
  A ball python (D:2)
  4 bats
  An endoplasm (D:1)
  A giant cockroach (D:1)
  3 goblins
  3 hobgoblins
  3 jackals (D:2)
  4 frilled lizards
  A kobold (D:1)
  3 rats
30 creatures vanquished.

Notes
Turn   | Place    | Note
-------+----------+-------------------------------------------
     0 | D:1      | Psyclone the Deep Elf Conjurer began the quest for the Orb.
     0 | D:1      | Reached XP level 1. HP: 10/10 MP: 6/6
    94 | D:1      | Identified a scroll of acquirement
    94 | D:1      | Acquired the +3 pair of mountain boots {steadfast, rC+}
    94 | D:1      | Found the +3 pair of mountain boots {steadfast, rC+}
   285 | D:1      | Reached XP level 2. HP: 15/15 MP: 4/8
   382 | D:1      | Learned a level 2 spell: Searing Ray
   648 | D:2      | Found Vuamm's General Store.
   717 | D:2      | Reached XP level 3. HP: 19/19 MP: 1/10
   787 | D:2      | Found a shimmering altar of Xom.
   811 | D:2      | Reached skill level 5 in Conjurations
   825 | D:2      | Reached XP level 4. HP: 24/24 MP: 2/12
  1091 | D:2      | Acquired the ring of Zin's Delight {rPois rF+ MP+9 SInv}
  1095 | D:2      | Acquired 897 gold pieces
  1096 | D:2      | Acquired 487 gold pieces
  1097 | D:2      | Quit the game

Illustrated notes

Levels and vault maps discovered:
D:1:      sevenhm_arrival_forest_fort_large_4, layout_basic,
          nrook_loot_triangle, minmay_lizard_pond
D:2:      layout_loops_ring, basic_altar, serial_shops,
          nicolae_shop_temple_entry_statues_fountains

Skill      XL: |  1  2  3 |
---------------+----------+-----
Conjurations   | 5 |  5.4
Spellcasting   | 4 |  4.1
Dodging        | |  2.7
Stealth        | |  2.8

Action                   |  1- 3 |  4- 6 || total
-------------------------+-------+-------++-------
Melee: Unarmed           |     9 |       ||     9
 Cast: Magic Dart        |    46 |     4 ||    50
       Searing Ray       |     1 |       ||     1
  Use: Scroll            |     1 |     3 ||     4
Armor: Robe              |     1 |       ||     1
Dodge: Dodged            |    10 |       ||    10
